 Dungeon Crawl Stone Soup version 0.26.1-2-gb8aa6d0 (webtiles) character file.

Game seed: 3380333296768646728

3791 Jonnyslop the Basher (level 9, -3/138 HPs)
             Began as a Troll Berserker on Feb 15, 2021.
             Was a Priest of Trog.
             Slain by a two-headed ogre
             ... wielding a +0 giant club
              (16 damage)
             ... on level 7 of the Dungeon.
             The game lasted 00:15:32 (6198 turns).

Jonnyslop the Basher (Troll Berserker)              Turns: 6198, Time: 00:15:33

Health: -3/138     AC:  8    Str: 30    XL:     9   Next: 95%
Magic:  8/8        EV: 12    Int:  9    God:    Trog [***...]
Gold:   462        SH:  5    Dex:  9    Spells: 8/8 levels left

rFire    . . .     SeeInvis +   n - +0 giant spiked club
rCold    . . .     Faith    .   (shield currently unavailable)
rNeg     . . .     Spirit   .   b - +1 animal skin
rPois    .         Reflect  +   (helmet restricted)
rElec    .         Harm     .   x - +0 cloak
rCorr    .         Rampage  .   (gloves unavailable)
Will     .....                  (boots unavailable)
Stlth    ..........             m - amulet of reflection
HPRegen  0.73/turn              d - +6 ring of intelligence
MPRegen  0.11/turn              f - ring of see invisible

@: berserking, very quick
A: large, unfitting armour, claws 3, regeneration 1, shaggy fur 1, tough skin 3
a: Renounce Religion, Berserk, Trog's Hand


You were on level 7 of the Dungeon.
You worshipped Trog.
Trog was most pleased with you.
You visited 1 branch of the dungeon, and saw 8 of its levels.

You collected 462 gold pieces.

Inventory:

Hand Weapons
 n - a +0 giant spiked club (weapon)
Armour
 b - a +1 animal skin (worn)
 x - a +0 cloak (worn)
Jewellery
 d - a +6 ring of intelligence (left claw)
 f - a ring of see invisible (right claw)
 m - an amulet of reflection (around neck)
 o - an uncursed amulet of guardian spirit
Wands
 j - a wand of random effects (12)
 p - a wand of paralysis (7)
 t - a wand of polymorph (5)
 z - a wand of digging (4)
Scrolls
 e - 3 scrolls of teleportation
 q - a scroll of fog {unknown}
 u - a scroll of vulnerability {unknown}
 w - 4 scrolls of identify
 y - a scroll of immolation {unknown}
 A - a scroll of fear
 B - a scroll of enchant armour
Potions
 a - a potion of brilliance {unknown}
 c - 3 potions of invisibility
 g - 4 potions of cancellation
 h - 2 potions of attraction {unknown}
 i - 3 potions of might
 k - a potion of heal wounds
 r - a potion of magic {unknown}
 s - 2 potions of curing {unknown}
 v - a potion of ambrosia {unknown}


   Skills:
 + Level 6.4 Fighting
 * Level 9.7 Maces & Flails
 + Level 6.4 Dodging


You had 8 spell levels left.
You didn't know any spells.
Your spell library was empty.

Dungeon Overview and Level Annotations

Branches:
Dungeon (8/15)             Temple (0/1) D:7
   Lair: D:8-11

Altars:
Cheibriados
Fedhas
Nemelex Xobeh
Okawaru
Sif Muna
Trog
Uskayaw
Xom

Shops:
D:4 (

Annotations:
D:4 2 transporters
D:5 3 runed translucent doors, brinewave's ghost, amateur FeDe


Innate Abilities, Weirdness & Mutations

You are too large for most types of armour.
You have claws for hands.
Your natural rate of healing is unusually fast.
You are covered in fur. (AC +1)
You have extremely tough skin. (AC +3)


Message History

A red film seems to cover your vision as you go berserk!
You feel yourself moving faster!
You feel mighty!
The two-headed ogre hits you with a +0 giant club!
The two-headed ogre closely misses you.
You hammer the two-headed ogre like a gong!!!
The two-headed ogre is severely wounded.
The two-headed ogre hits you with a +0 giant club!
You block the two-headed ogre's attack.
You barely miss the two-headed ogre.
The two-headed ogre is severely wounded.
You hit the two-headed ogre.
The two-headed ogre is severely wounded.
The two-headed ogre hits you with a +0 giant club!!
* * * LOW HITPOINT WARNING * * *
The two-headed ogre hits you with a +0 giant club!!
* * * LOW HITPOINT WARNING * * *
You sock the two-headed ogre!
The two-headed ogre is almost dead.
The two-headed ogre hits you with a +0 giant club!
You die...

#.....###.### #....###.....
###.......#..### #....#.#.....
#...##......##.####............
###.........#...##..#..#....)[.
#...........#.....#.###....).
##........###...#.....###..##
#........###..##.........###
#...........O...........###.
##.........@#888#......##...
##....#....8...8#..........
##...#....8.>.8#........##
##........8...8.....######
##.........#8.8#....## ###
#.........##........#####..
##.#.......................
##.##...###..............##
#...........(......##......


You could see a two-headed ogre.

Vanquished Creatures
  A hydra (D:7)
  The ghost of Skilfsilihog the Grasshopper, a novice GnWr of Qazlal (D:6)
  Menkaure (D:6)
  A water moccasin (D:6)
  Duvessa (D:6)
  An ice beast (D:7)
  2 orc warriors
  A phantom (D:4)
  3 sky beasts
  A black bear (D:7)
  3 ogres
  A centaur (D:6)
  4 bullfrogs
  Dowan (D:6)
  A scorpion (D:6)
  4 killer bees
  A bullfrog zombie (D:5)
  4 hounds
  A centaur zombie (D:5)
  5 orc wizards
  An orc priest (D:7)
  A centaur skeleton (D:5)
  A jelly (D:5)
  2 iguanas
  4 worker ants
  2 hound skeletons
  7 adders
  3 gnolls
  2 howler monkey skeletons (D:4)
  A white imp (D:7)
  An ooze (D:7)
  An ufetubus (D:6)
  An adder zombie (D:7)
  An adder skeleton (D:5)
  A dart slug (D:1)
  6 leopard geckos
  26 orcs
  2 ball pythons
  7 bats
  5 giant cockroaches
  5 goblins
  6 hobgoblins
  10 jackals
  4 quokkas
  7 frilled lizards
  6 kobolds
  2 leopard gecko skeletons
  A quokka zombie (D:6)
  7 rats
161 creatures vanquished.

Vanquished Creatures (others)
  A centaur (D:7)
  A gnoll sergeant (D:7)
  A scorpion (D:7)
  An adder (D:7)
4 creatures vanquished.

Grand Total: 165 creatures vanquished

Notes
Turn   | Place    | Note
-------+----------+-------------------------------------------
     0 | D:1      | Jonnyslop the Troll Berserker began the quest for the Orb.
     0 | D:1      | Reached XP level 1. HP: 22/22 MP: 0/0
   191 | D:1      | Reached skill level 3 in Maces & Flails
   191 | D:1      | Reached XP level 2. HP: 29/29 MP: 1/1
   767 | D:2      | Reached ** piety under Trog
   842 | D:2      | Reached XP level 3. HP: 36/36 MP: 2/2
  1495 | D:2      | Found a shimmering blue altar of Sif Muna.
  1715 | D:3      | Reached XP level 4. HP: 42/44 MP: 3/3
  2006 | D:3      | Reached skill level 4 in Maces & Flails
  2026 | D:3      | Reached XP level 5. HP: 31/53 MP: 4/4
  2173 | D:3      | Reached *** piety under Trog
  2328 | D:3      | Found a bloodstained altar of Trog.
  2664 | D:4      | Found Hohin's Weapon Shop.
  2869 | D:4      | Noticed a phantom
  2892 | D:4      | Killed a phantom
  2893 | D:4      | Reached XP level 6. HP: 46/61 MP: 5/5
  2952 | D:4      | Reached skill level 5 in Maces & Flails
  3204 | D:4      | Found an iron altar of Okawaru.
  3206 | D:4      | Found a sparkling altar of Nemelex Xobeh.
  3206 | D:4      | Noticed an orc warrior
  3210 | D:4      | Found a transporter.
  3220 | D:4      | Found a transporter.
  3596 | D:5      | Entered Level 5 of the Dungeon
  3606 | D:5      | Reached XP level 7. HP: 65/68 MP: 6/6
  3677 | D:5      | Reached skill level 6 in Maces & Flails
  3823 | D:5      | Found a runed translucent gate.
  3823 | D:5      | Found a runed translucent gate.
  3823 | D:5      | Found a runed translucent gate.
  3824 | D:5      | Noticed brinewave's ghost (amateur FeDe)
  4017 | D:5      | Found a hide-covered altar of Uskayaw.
  4191 | D:5      | Found a blossoming altar of Fedhas.
  4262 | D:6      | Reached XP level 8. HP: 72/79 MP: 7/7
  4313 | D:6      | Noticed Dowan
  4315 | D:6      | Noticed Duvessa
  4338 | D:6      | Killed Duvessa
  4339 | D:6      | Reached skill level 7 in Maces & Flails
  4349 | D:6      | Killed Dowan
  4454 | D:6      | Reached **** piety under Trog
  4570 | D:5      | Reached skill level 5 in Fighting
  4570 | D:5      | Reached skill level 5 in Dodging
  4771 | D:6      | Found a runed translucent door.
  4772 | D:6      | Noticed Skilfsilihog's ghost (novice GnWr)
  4850 | D:6      | Noticed Menkaure
  4852 | D:6      | Reached skill level 8 in Maces & Flails
  4855 | D:6      | Killed Menkaure
  5229 | D:6      | Killed Skilfsilihog's ghost
  5230 | D:6      | Reached XP level 9. HP: 88/88 MP: 8/8
  5279 | D:7      | Found a shimmering altar of Xom.
  5279 | D:7      | Noticed a four-headed hydra
  5301 | D:6      | HP: 1/88 [killer bee (6)]
  5537 | D:7      | Killed a four-headed hydra
  5538 | D:7      | Reached skill level 9 in Maces & Flails
  5567 | D:7      | Found a snail-covered altar of Cheibriados.
  5736 | D:7      | Found a staircase to the Ecumenical Temple.
  6163 | D:8      | Noticed a two-headed ogre
  6198 | D:7      | Slain by a two-headed ogre

Illustrated notes

Levels and vault maps discovered:
D:1:      ebering_hopf_link, layout_basic
D:2:      layout_basic, lemuel_blue_sif_altar, chequers_ecumenical_altar_lobes
D:3:      layout_basic, bloody_trog, amethyst_killhole,
          nicolae_underground_beach
D:4:      layout_cave_pools, gammafunk_temple_overflow_arena, serial_shops, shop
D:5:      layout_rooms, eat_drink_and_be_merry_uskayaw,
          ebering_ghost_rock_garden, fedhas_altar_4
D:6:      layout_loops_ring, ebering_ghost_reflecting_pool, uniq_duvessa,
          uniq_menkaure
D:7:      layout_cave_pools, overflow_temple_1_default, xom_confusion_cloud,
          minmay_temple_entry_statues
D:8:      layout_rooms, vehumet_statue, overflow_temple_1_default,
          grunt_temple_overflow_growth_and_decay, enter_bailey_3, uniq_psyche

Skill      XL: |  1  2  3  4  5  6  7  8  9 |
---------------+----------------------------+-----
Maces & Flails | 3 4 5 6 8 9 |  9.7
Fighting       | 3 4 5 6 |  6.4
Dodging        | 3 4 5 6 |  6.4

Action                   |  1- 3 |  4- 6 |  7- 9 || total
-------------------------+-------+-------+-------++-------
Melee: Mace              |    90 |   189 |       ||   279
       Giant spiked club |       |    34 |   320 ||   354
Invok: Berserk           |       |     1 |     5 ||     6
       Trog's Hand       |       |       |     6 ||     6
  Use: Scroll            |     5 |     6 |     2 ||    13
       Potion            |       |       |     1 ||     1
 Stab: Sleeping          |     1 |       |       ||     1
Armor: Animal skin       |    45 |   123 |   161 ||   329
Dodge: Dodged            |    49 |   164 |   280 ||   493
Block: Other             |       |    14 |   102 ||   116
       Reflection        |       |       |     6 ||     6
